Map: 엔디온 잔해

Players

llllllllllll (Scarlett) - Winner!

  • Race: Zerg Zerg
  • League: Grandmaster

DiaoZhaSky

  • Race: Zerg Zerg

VOD

Have the link to the VOD?

Description

Time

  • Played on: April 14, 2016, 2:10 a.m.
  • Length: 10:22
Show
View Real Time Build Order
Export as new Build Order

llllllllllll Zerg - Winner!

Build Orders: Pool First 

Get SALT Encoding   

  12  0:00  Drone  
  13  0:08  Drone  
  14  0:20  Overlord  
  14  0:22  Extractor  
  14  0:23  Drone  
  15  0:37  Spawning Pool  
  15  0:41  Drone  
  15  0:45  Drone  
  16  0:50  Drone  
  16  0:55  Drone  
  18  1:14  Hatchery  
  18  1:16  Drone  
  18  1:19  Extractor  
  17  1:26  Queen  
  17  1:31  Drone  
  20  1:33  Drone  
  20  1:39  Overlord  
  21  1:48  Zergling x2  
  22  2:00  Drone  
  23  2:12  Drone  
  23  2:13  Queen  
  26  2:27  Zergling x4  
  26  2:28  Queen  
  26  2:29  Metabolic Boost  
  30  2:35  Zergling x2  
  30  2:36  Drone x2  
  30  2:37  Drone  
  34  2:46  Drone  
  34  2:47  Drone  
  36  2:52  Overlord  
  35  3:05  Overlord  
  35  3:08  Lair  
  35  3:15  Spine Crawler  
  35  3:16  Drone  
  35  3:17  Drone x3  
  38  3:28  Overlord  
  38  3:33  Drone  
  44  3:34  Drone x5  
  44  3:45  Overlord, Drone  
  44  3:47  Extractor, Drone x2  
  44  3:48  Drone  
  47  3:50  Extractor x2  
  45  3:55  Drone  
  45  3:57  Queen  
  48  4:03  Drone  
  48  4:04  Drone x2  
  51  4:11  Spire  
  51  4:15  Drone x2  
  52  4:22  Baneling Nest  
  52  4:24  Drone x2  
  53  4:28  Drone  
  54  4:32  Drone  
  54  4:33  Drone x3  
  58  4:41  Overlord  
  58  4:45  Zergling x6  
  61  4:49  Drone  
  62  5:06  Zergling x14  
  69  5:08  Hatchery  
  68  5:27  Mutalisk  
  68  5:28  Mutalisk x2  
  72  5:30  Overlord  
  72  5:31  Overlord  
  72  5:34  Overlord x2  
  74  5:39  Overlord  
  74  5:45  Spine Crawler  
  74  5:47  Mutalisk  
  74  5:48  Overlord  
  74  5:49  Mutalisk  
  75  5:50  Mutalisk x2  
  81  5:59  Mutalisk x2, Drone  
  86  6:05  Queen  
  86  6:10  Mutalisk x2  
  91  6:20  Mutalisk x2  
  86  6:35  Mutalisk  
  86  6:37  Zergling x8  
  91  6:45  Hatchery  
  90  6:48  Mutalisk x2  
  90  6:53  Zergling x2  
  96  7:01  Zergling x4  
  97  7:15  Mutalisk x3  
  102  7:24  Mutalisk  
  102  7:26  Zergling x10  
  109  7:36  Zerg Flyer Weapons Level 1  
  109  7:38  Zergling x6  
  109  7:40  Baneling x3  
  109  7:41  Zergling x6  
  111  8:05  Zergling x14  
  107  8:16  Mutalisk x4  
  107  8:18  Zergling x2  
  114  8:30  Mutalisk  
  114  8:32  Zergling x10  
  114  8:37  Overseer  
  114  8:40  Pneumatized Carapace  
  111  8:45  Drone  
  111  8:46  Drone x5  
  114  9:00  Mutalisk x2  
  118  9:05  Zergling x10  
  118  9:31  Mutalisk x3  
  114  9:37  Zergling x18  
  124  9:44  Mutalisk  
  124  9:51  Zergling x4  
  122  10:02  Baneling x8  
  122  10:03  Baneling x4  
Show
View Real Time Build Order
Export as new Build Order

DiaoZhaSky Zerg 

Build Orders: Pool First 

Get SALT Encoding   

  12  0:01  Drone  
  13  0:12  Overlord  
  13  0:18  Drone  
  14  0:31  Drone x2  
  16  0:38  Drone  
  17  0:46  Extractor  
  16  0:50  Spawning Pool, Drone  
  16  1:00  Drone  
  17  1:07  Drone  
  18  1:20  Hatchery  
  18  1:23  Drone  
  18  1:37  Queen  
  18  1:39  Zergling x2  
  21  1:47  Zergling x2  
  22  1:48  Metabolic Boost  
  22  1:55  Overlord  
  22  2:13  Queen, Drone  
  22  2:14  Drone  
  26  2:28  Drone  
  26  2:32  Drone  
  26  2:33  Drone  
  28  2:43  Drone  
  29  2:45  Drone x3  
  29  2:46  Drone  
  33  2:56  Overlord  
  33  2:57  Zergling x2  
  34  3:05  Zergling x2  
  35  3:09  Overlord  
  35  3:16  Drone  
  35  3:17  Hatchery, Overlord  
  35  3:25  Drone  
  36  3:28  Drone x4  
  36  3:30  Drone x2  
  42  3:36  Lair  
  42  3:37  Drone  
  42  3:39  Drone  
  43  3:42  Drone  
  44  3:48  Extractor  
  44  3:50  Extractor, Drone  
  44  3:51  Roach Warren  
  44  3:52  Drone  
  44  3:55  Drone  
  44  4:00  Drone x2  
  44  4:02  Drone  
  47  4:04  Drone  
  48  4:15  Overlord  
  48  4:16  Drone x2  
  50  4:18  Drone x2  
  52  4:27  Overlord  
  52  4:28  Evolution Chamber  
  52  4:29  Queen, Drone x2  
  55  4:34  Glial Reconstitution  
  55  4:37  Drone x2  
  55  4:38  Roach x2  
  61  4:40  Overlord  
  61  4:42  Overseer  
  61  4:44  Roach  
  63  4:47  Roach  
  63  4:49  Roach  
  63  4:51  Roach  
  69  4:54  Roach  
  69  4:58  Roach  
  73  5:00  Zerg Missile Weapons Level 1  
  73  5:04  Roach  
  75  5:07  Roach  
  75  5:12  Roach x2  
  81  5:17  Overlord x2  
  81  5:20  Extractor  
  80  5:22  Overlord  
  80  5:24  Roach  
  80  5:32  Spore Crawler  
  80  5:35  Spore Crawler  
  78  5:38  Drone x2  
  78  5:39  Drone  
  78  5:40  Spore Crawler  
  80  5:42  Infestation Pit  
  80  5:44  Drone  
  80  5:47  Spore Crawler  
  79  5:51  Roach x5  
  79  5:52  Drone x4  
  93  5:58  Spore Crawler  
  92  6:06  Overlord  
  92  6:08  Roach x4  
  100  6:18  Roach x4  
  100  6:30  Overlord  
  96  6:33  Queen  
  96  6:34  Spore Crawler  
  81  6:42  Drone x7  
  86  6:52  Drone x2  
  88  6:54  Overlord  
  88  7:03  Infestor x3, Burrow  
  88  7:08  Overlord x2  
  94  7:15  Tunneling Claws  
  94  7:17  Overlord  
  94  7:20  Queen  
  90  7:25  Overlord  
  90  7:28  Drone x4  
  90  7:29  Drone  
  85  7:32  Overlord  
  85  7:35  Drone x3  
  85  7:36  Hydralisk Den  
  87  7:39  Spine Crawler  
  87  7:41  Spore Crawler  
  85  7:50  Roach  
  85  7:51  Roach x5  
  89  8:03  Roach x2  
  89  8:04  Roach x4  
  92  8:08  Roach  
  92  8:09  Hydralisk  
  94  8:15  Roach x2  
  94  8:16  Roach  
  96  8:26  Overlord  
  94  8:28  Extractor  
  83  8:47  Roach x10  
  97  8:54  Roach, Queen  
  97  8:55  Overseer  
  97  8:56  Roach x3, Queen  
  97  8:57  Hydralisk x2  
  97  8:59  Overlord  
  103  9:03  Hydralisk  
  103  9:07  Hydralisk  
  85  9:28  Hydralisk x6  
  78  9:38  Hydralisk  
  71  9:46  Hydralisk  
  71  9:47  Hydralisk  
  71  9:51  Spawning Pool  
Tags
 
Matchup
ZvZ
Player
Scarlett
Race
Zerg
Replay Pack
rep
Add a new tag
Caveats
  • Supply blocks, unpowered buildings, or Contaminate may cause inaccurate times.
  • Supply counts are checked every 10 seconds.